 Dungeon Crawl Stone Soup version 0.30-a0-636-g200c5c4a83 (webtiles) character file.

Game seed: 5376750645524352119

4767 CrazyBamboolord the Zephyrmancer (level 10, -4/51 HPs)
             Began as a Tengu Air Elementalist on Jan 15, 2023.
             Was a Follower of Vehumet.
             Killed from afar by an acid dragon (21 damage)
             ... with a splash of acid
             ... on level 10 of the Dungeon.
             The game lasted 00:18:34 (11555 turns).

CrazyBamboolord the Zephyrmancer (TeAE)            Turns: 11555, Time: 00:18:34

Health: -4/51      AC:  7    Str: 15    XL:     10   Next: 47%
Magic:  12/23      EV: 17    Int: 20    God:    Vehumet [*.....]
Gold:   582        SH:  0    Dex: 18    Spells: 16/26 levels left

rFire   . . .      SeeInvis .    w - +3 hand axe (flame)
rCold   + . .      Faith    .    (no shield)
rNeg    + . .      Spirit   .    D - +3 leather armour of the Sun {Str+6 Dex+4 Slay+3}
rPois   .          Reflect  .    (helmet restricted)
rElec   .          Harm     .    C - +0 cloak
rCorr   .          Rampage  .    (no gloves)
Will    .....                    (boots unavailable)
Stlth   ++                       (no amulet)
HPRegen 0.28/turn                f - ring of positive energy
MPRegen 0.18/turn                c - ring of protection from cold

@: flying quickly and evasively, quick
A: beak, talons 3, nimble flight
a: Renounce Religion


You were on level 10 of the Dungeon.
You worshipped Vehumet.
Vehumet was aware of your devotion.
You visited 1 branch of the dungeon, and saw 10 of its levels.
You also visited: Sewer.

You collected 582 gold pieces.

Inventory:

Hand Weapons
 w - a +3 hand axe of flaming (weapon)
Missiles
 I - a throwing net
Armour
 a - a +0 robe
 C - a +0 cloak (worn)
 D - the +3 leather armour of the Sun (worn) {Str+6 Dex+4 Slay+3}
   (You took it off a kobold on level 3 of the Dungeon)

   Str:       It affects your strength (+6).
   Dex:       It affects your dexterity (+4).
   Slay:      It affects your accuracy & damage with ranged weapons and melee
   (+3).
Jewellery
 c - a ring of protection from cold (right hand)
 f - a ring of positive energy (left hand)
 B - a ring of positive energy
 E - a ring of protection from cold
 K - a ring of see invisible
Wands
 v - a wand of flame (10)
 G - a wand of light (9)
 H - a wand of paralysis (6)
Scrolls
 i - 2 scrolls of vulnerability
 m - a scroll of silence
 s - 2 scrolls of noise
 t - 4 scrolls of teleportation
 x - 3 scrolls of magic mapping
 y - a scroll of fear
 A - a scroll of poison {unknown}
 F - a scroll of blinking
 J - 2 scrolls of fog {unknown}
Potions
 b - a potion of magic
 d - 2 potions of ambrosia
 e - 3 potions of degeneration
 g - a potion of brilliance {unknown}
 h - 2 potions of curing
 j - 2 potions of berserk rage {unknown}
 k - 4 potions of heal wounds {unknown}
 l - 5 potions of lignification
 n - 3 potions of might {unknown}
 o - a potion of cancellation {unknown}
 p - a potion of resistance {unknown}
 q - a potion of attraction {unknown}
 r - a potion of haste {unknown}
 u - 2 potions of mutation {unknown}
 z - a potion of invisibility {unknown}


   Skills:
 + Level 0.9 Fighting
 * Level 5.5 Dodging
 + Level 2.9 Stealth
 * Level 8.5 Spellcasting
 * Level 8.8 Conjurations
 * Level 11.9 Air Magic


You had 16 spell levels left.
You knew the following spells:

 Your Spells              Type           Power      Damage    Failure   Level
a - Shock                 Conj/Air       100%       1d9       1%          1
b - Static Discharge      Conj/Air       100%       2-7/arc   1%          2
c - Airstrike             Air            27%        2d(4-20)  1%          4
d - Swiftness             Air            54%        N/A       1%          3

Your spell library contained the following spells:

 Spells                   Type           Power      Damage    Failure   Level
 Foxfire                  Conj/Fire      100%       2x1d9     1%          1
 Ensorcelled Hibernation  Hex/Ice        16%        N/A       16%         2
 Passwall                 Tmut/Erth      6%         N/A       16%         2


Dungeon Overview and Level Annotations

Branches:
Dungeon (10/15)            Temple (0/1) D:7            Lair (0/5) D:8
  Sewer (visited)
    Orc: D:9-12

Altars:
Ashenzari
Dithmenos
Nemelex Xobeh
Trog
Uskayaw
Vehumet
Xom
Yredelemnul
Zin

Shops:
D:1 (   D:6 :


Innate Abilities, Weirdness & Mutations

You have a beak for a mouth.
You have claws for feet.
Your magical nature lets you fly swiftly and evasively.


Message History

The zap hits the kobold brigand.
You kill the kobold brigand!
Vehumet accepts your kill.
You feel your power returning.
The zap misses the wyvern.
The zap hits the acid dragon.
The acid dragon is heavily wounded.
The zap misses the troll.
The zap hits the yak.
The yak is lightly wounded.
Casting: Shock (safe; 1% risk of failure)
Confirm with . or Enter, or press ? or * to list all spells.
The wyvern is struck by an arc of lightning.
The wyvern is heavily wounded.
You are struck by an arc of lightning.
* * * LOW HITPOINT WARNING * * *
The wyvern is struck by an arc of lightning.
The wyvern is severely wounded.
You are struck by an arc of lightning.
* * * LOW HITPOINT WARNING * * *
The lightning grounds out.
The wyvern barely misses you.
You feel better.
The wyvern bites you but does no damage.
The wyvern completely misses you.
You feel better. The wyvern bites you.
Casting: Static Discharge (safe; 1% risk of failure)
Confirm with . or Enter, or press ? or * to list all spells.
The wyvern is struck by an arc of lightning.
The wyvern is almost dead.
The acid dragon is struck by an arc of lightning.
The acid dragon is heavily wounded.
The lightning grounds out.
The wyvern closely misses you.
The wyvern bites you but does no damage.
Casting: Static Discharge (safe; 1% risk of failure)
Confirm with . or Enter, or press ? or * to list all spells.
The wyvern is struck by an arc of lightning.
You kill the wyvern!
Vehumet accepts your kill.
You are struck by an arc of lightning.
The acid dragon spits acid at you. The splash of acid hits you!!
You die...

# ...# # .!.# ###
...### ..# #....#
#### #....# ...#
⌠.#####....# ###+
⌠⌠cYTD'....# ...#
#@...# #### #....+
.)### ##....# ###.##
##.....# ##...##
##......#
#.....###+###.......#
|.#.................#
..'....#.#..........#
.~~~P.P~............#


You could see a yak, a troll, an acid dragon (catching breath) and a centaur.

Vanquished Creatures
  A two-headed ogre (D:8)
  A cyclops (D:10)
  A troll (D:10)
  4 wyverns
  A yak (D:10)
  A wraith (D:9)
  A vampire mosquito (D:10)
  A steam dragon (D:10)
  2 ice beasts
  A sky beast (D:7)
  A black bear (D:5)
  An orc warrior (D:8)
  An ogre (D:4)
  2 centaurs
  2 kobold brigands (D:10)
  A necrophage (D:6)
  A bullfrog (D:6)
  A gnoll sergeant (D:9)
  5 scorpions
  A killer bee (D:10)
  2 howler monkeys
  Crazy Yiuf (D:7)
  7 hounds
  4 orc priests
  6 jellies
  6 orc wizards
  5 iguanas
  11 gnolls
  A river rat (Sewer)
  8 adders
  A white imp (D:5)
  A worm (Sewer)
  2 dart slugs
  25 orcs
  13 endoplasms
  14 giant cockroaches
  6 goblins
  6 hobgoblins
  3 jackals (D:3)
  8 quokkas
  7 ball pythons
  7 bats
  6 frilled lizards
  13 kobolds
  5 rats
198 creatures vanquished.

Vanquished Creatures (others)
  11 fungi
  25 plants
36 creatures vanquished.

Grand Total: 234 creatures vanquished

Notes
Turn   | Place    | Note
-------+----------+-------------------------------------------
     0 | D:1      | CrazyBamboolord the Tengu Air Elementalist began the quest
                  | for the Orb.
     0 | D:1      | Reached XP level 1. HP: 10/10 MP: 4/4
   111 | D:1      | Found Koebuler's Antique Weapon Emporium.
   147 | D:1      | Reached XP level 2. HP: 15/15 MP: 1/6
   428 | D:1      | Reached XP level 3. HP: 19/19 MP: 5/7
  1099 | D:2      | Learned a level 2 spell: Static Discharge
  1138 | D:2      | Reached skill level 5 in Air Magic
  1441 | D:2      | Found a faded altar of an unknown god.
  1692 | D:3      | Reached XP level 4. HP: 24/24 MP: 0/8
  2158 | D:3      | Gained mutation: Your magical nature lets you fly swiftly
                  | and evasively. [Tengu growth]
  2158 | D:3      | Reached XP level 5. HP: 17/28 MP: 1/10
  2356 | D:3      | Identified the +3 leather armour of the Sun {Str+6 Dex+4
                  | Slay+3}
  2540 | D:3      | Found a shadowy altar of Dithmenos.
  2963 | D:3      | Learned a level 4 spell: Airstrike
  3046 | D:4      | Reached XP level 6. HP: 19/32 MP: 0/12
  3128 | D:4      | Found a glowing drain.
  3138 | Sewer    | Entered a sewer
  3726 | Sewer    | Reached skill level 6 in Air Magic
  3782 | Sewer    | Found a viscous altar of Jiyva.
  3907 | D:4      | Reached XP level 7. HP: 37/37 MP: 8/14
  4174 | D:4      | Reached skill level 5 in Conjurations
  4669 | D:4      | Found a shimmering altar of Xom.
  4763 | D:5      | Entered Level 5 of the Dungeon
  4768 | D:5      | Found a sparkling altar of Nemelex Xobeh.
  4861 | D:5      | Found a hide-covered altar of Uskayaw.
  4861 | D:5      | Found a bloodstained altar of Trog.
  4869 | D:5      | Found a faded altar of an unknown god.
  4906 | D:5      | Found a glowing silver altar of Zin.
  4908 | D:5      | Found a radiant altar of Vehumet.
  5013 | D:5      | Became a worshipper of Vehumet
  5147 | D:5      | Reached skill level 7 in Air Magic
  5271 | D:5      | Reached skill level 5 in Spellcasting
  5272 | D:5      | Reached XP level 8. HP: 26/42 MP: 2/16
  6033 | D:6      | Reached skill level 8 in Air Magic
  6303 | D:6      | You are sucked into a shaft and drop 2 floors!
  6446 | D:8      | Found a staircase to the Lair.
  6691 | D:7      | Reached * piety under Vehumet
  6691 | D:7      | Offered knowledge of Foxfire by Vehumet.
  7160 | D:6      | Found Basiurch's Self-Improvement Boutique.
  7578 | D:6      | Learned a level 3 spell: Swiftness
  7612 | D:7      | Reached XP level 9. HP: 46/46 MP: 16/19
  7629 | D:7      | Found a staircase to the Ecumenical Temple.
  7778 | D:7      | Reached skill level 9 in Air Magic
  8381 | D:7      | Found a runed translucent door.
  8382 | D:7      | Noticed Crazy Yiuf
  8389 | D:7      | Killed Crazy Yiuf
  9345 | D:8      | Noticed a two-headed ogre
  9367 | D:8      | Killed a two-headed ogre
  9368 | D:8      | Reached skill level 5 in Dodging
  9368 | D:8      | Reached skill level 10 in Air Magic
  9653 | D:9      | Found a basalt altar of Yredelemnul.
  9874 | D:9      | Found a broken altar of Ashenzari.
 10009 | D:9      | Reached XP level 10. HP: 51/51 MP: 9/22
 10380 | D:9      | Reached skill level 11 in Air Magic
 10915 | D:10     | Entered Level 10 of the Dungeon
 11184 | D:10     | Noticed a cyclops
 11192 | D:10     | Killed a cyclops
 11555 | D:10     | Killed from afar by an acid dragon

Illustrated notes

Levels and vault maps discovered:
D:1:      reono_arrival_mine, layout_rooms, serial_shops,
          nicolae_shop_hallway_plus
D:2:      minmay_general_purpose_star, layout_loops_ring,
          hellmonk_ecumenical_altar_run_dry
D:3:      layout_basic, mainiacjoe_overflow_small_starburst,
          roderic_roman_lattice
D:4:      layout_loops_ring, lemuel_coloured_pillars_altar, gup_sewer_entry_pipe
D:5:      layout_loops_corners, chequers_temple_overflow_minitemple,
          mainiacjoe_overflow_paths, kennysheep_generic_room_2
D:6:      layout_loops_ring, nicolae_shop_self_help
D:7:      layout_basic, minmay_temple_entry_statues_fountains,
          uniq_crazy_yiuf_cottage
D:8:      layout_basic, dpeg_oklobed_lair, fountainhead
D:9:      layout_stronghold, ashenzari_altar_1, mainiacjoe_overflow_boulevard
D:10:     minmay_the_grid_octo_2x2 [minmay_the_grid_octo_fan_narrow,
          minmay_the_grid_octo_teeth, minmay_the_grid_octo_clover,
          minmay_the_grid_octo_prize_ultimate_mussel_roller], layout_stronghold,
          serial_bayou_lagoon_a, st_stairs_14

Skill      XL: |  1  2  3  4  5  6  7  8  9 10 |
---------------+-------------------------------+-----
Conjurations   | 2 3 4 5 7 8 |  8.8
Air Magic      | 5 6 7 8 10 11 | 11.9
Spellcasting   | 3 4 5 6 7 8 |  8.5
Dodging        | 3 4 5 |  5.5
Fighting       | |  0.9
Stealth        | |  2.9

Action                   |  1- 3 |  4- 6 |  7- 9 | 10-12 || total
-------------------------+-------+-------+-------+-------++-------
Melee: Unarmed           |     7 |    17 |       |       ||    24
       Kick              |     3 |     6 |     7 |     1 ||    17
       Peck              |       |     6 |     4 |       ||    10
       Hand axe          |       |       |    10 |     6 ||    16
       Punch             |       |       |     1 |       ||     1
 Cast: Shock             |    70 |   105 |   181 |    11 ||   367
       Static Discharge  |       |    30 |    24 |    11 ||    65
       Airstrike         |       |       |    18 |    22 ||    40
       Swiftness         |       |       |     1 |       ||     1
  Use: Scroll            |     3 |     4 |     6 |       ||    13
       Potion            |       |     1 |       |     2 ||     3
Armor: Robe              |       |     8 |     7 |       ||    15
       Leather armour    |       |       |       |     4 ||     4
Dodge: Dodged            |    11 |    52 |    33 |    21 ||   117

Table legend: (Time is in decaauts)
 A = Elapsed time spent in this place.
 B = Non-inter-level travel time spent in this place.
 C = Inter-level travel time spent in this place.
 D = Time resting spent in this place.
 E = Time spent auto-exploring this place.
 F = Levels seen in this place.
 G = Mean time per level.
                   A        B        C        D        E       F      G
               +--------+--------+--------+--------+--------+-----+--------+
         Total |  11018 |  10463 |    555 |    739 |   8559 |  11 | 1001.6 |
       Dungeon |  10303 |   9748 |    555 |    545 |   8214 |  10 | 1030.3 |
         Sewer |    715 |    715 |      0 |    193 |    345 |   1 |  715.0 |
               +--------+--------+--------+--------+--------+-----+--------+

Top non-repeatable levels by time:
     D:7: 1220 daAuts
     D:2: 1188 daAuts
     D:9: 1185 daAuts
     D:6: 1180 daAuts
     D:5: 1114 daAuts
     D:3: 1099 daAuts
     D:4: 1000 daAuts
     D:8: 954 daAuts
     D:1: 741 daAuts
   Sewer: 715 daAuts
    D:10: 617 daAuts
